AoeStats
← Nachin

Oasis

508131930Analyzed
2v2 RM · 13d ago on Sep 21, 2026· 37m 15s· 4 players
Game mode
Random Map
Map size
Medium (4 player)
Population
200
Speed
Normal
Resources
Standard
Victory
Conquest
Starting age
Dark Age
Ending age
Imperial Age
RankedLock teamsTeams togetherTeam positionsShared explorationLock speedFull tech treeHidden civsTurbo modeCheats
Victory
Defeat
🇲🇽 Bulgarians · Mexico
1301
+12
🇺🇸 Maya · United States
1242
+15
🇺🇾 Mongols · Uruguay
1239
-14
🇺🇾 Vikings · Uruguay
1202
-13
Femboy Hooters
0:27 Loom
10:38 Feudal Age
11:47 Double-Bit Axe
12:02 Fletching
15:09 Horse Collar
17:45 Padded Archer Armor
22:56 Castle Age
21:16 Gold Mining
23:04 Crossbowman
23:40 Bodkin Arrow
31:27 Bow Saw
31:21 Heavy Plow
(JP) JR
9:20 Loom
11:40 Feudal Age
15:16 Arson
20:39 Fletching
21:49 Town Watch
24:11 Castle Age
24:18 Castle Age
22:37 Double-Bit Axe
22:37 Horse Collar
23:20 Scale Barding Armor
23:25 Forging
24:02 Forging
28:41 Bloodlines
28:31 Husbandry
29:57 Chain Barding Armor
31:22 Wheelbarrow
30:35 Town Watch
36:34 Elite Skirmisher
Nachin
5:45 Loom
10:30 Feudal Age
10:41 Man-at-Arms
12:38 Double-Bit Axe
15:50 Fletching
19:39 Horse Collar
21:52 Padded Archer Armor
21:51 Gold Mining
26:24 Castle Age
26:33 Crossbowman
27:13 Bodkin Arrow
TinFit
11:21 Feudal Age
13:07 Loom
16:01 Castle Age
14:23 Double-Bit Axe
14:50 Gold Mining
16:46 Fletching
17:54 Padded Archer Armor
26:03 Bodkin Arrow
27:27 Leather Archer Armor
33:03 Gold Shaft Mining
32:38 Bow Saw
32:11 Horse Collar
Connection lost

Rejoining the realm…

Still unreachable

The connection could not be restored.

Session expired

The server has moved on; the page needs a fresh start.